 Dungeon Crawl Stone Soup version 0.21.1-1-g345015fe64 (webtiles) character file.

257 Mrkan the Shield-Bearer (level 5, -4/47 HPs)
             Began as a Minotaur Fighter on May 4, 2018.
             Killed by nerve-wracking pain
             ... invoked by Grinder
              (11 damage)
             ... while paralysed by Grinder
             ... on level 3 of the Dungeon.
             The game lasted 00:04:54 (2106 turns).

Mrkan the Shield-Bearer (Minotaur Fighter)          Turns: 2106, Time: 00:04:54

Health: -4/47      AC:  9    Str: 27    XL:     5   Next: 93%
Magic:  4/4        EV:  2    Int:  5    God:
Gold:   216        SH:  0    Dex:  9    Spells: 4/4 levels left

rFire    . . .     SeeInvis .   a - +0 long sword
rCold    . . .     Gourm    .   c - +0 shield
rNeg     . . .     Faith    .   b - +0 scale mail
rPois    .         Spirit   .   (helmet restricted)
rElec    .         Reflect  .   i - +0 cloak
rCorr    .         Harm     .   (no gloves)
MR       .....                  p - +0 pair of boots
Stlth    ..........             (no amulet)
HPRegen  0.15/turn              (no ring)
MPRegen  0.09/turn              (no ring)

@: paralysed, mighty
A: retaliatory headbutt, horns 2
a: no special abilities


You were on level 3 of the Dungeon.
You were not hungry.

You visited 1 branch of the dungeon, and saw 3 of its levels.

You collected 216 gold pieces.

Inventory:

Hand Weapons
 a - a +0 long sword (weapon)
Armour
 b - a +0 scale mail (worn)
 c - a +0 shield (worn)
 i - a +0 cloak (worn)
 m - a +0 helmet
 p - a +0 pair of boots (worn)
Scrolls
 g - a scroll of fear {unknown}
 h - 2 scrolls of identify {unknown}
 n - a scroll of immolation {unknown}
 o - 2 scrolls of teleportation {unknown}
Potions
 d - a potion of might
 e - a potion of cancellation {unknown}
 j - a potion of brilliance {unknown}
 l - 2 potions of berserk rage {unknown}
Comestibles
 f - 7 rations
 k - a chunk of flesh


   Skills:
 + Level 4.7 Fighting
 * Level 5.0 Long Blades
 * Level 4.7 Armour
 + Level 5.1 Shields


You had 4 spell levels left.
You didn't know any spells.

Dungeon Overview and Level Annotations

Branches:
Dungeon (3/15)

Altars:

Annotations:
D:3 Grinder


Innate Abilities, Weirdness & Mutations

You reflexively headbutt those who attack you in melee.
You have a pair of horns on your head.


Message History

Grinder gestures at you. You resist with significant effort.
Your shield and scale mail prevent you from hitting Grinder.
Your headbutt misses Grinder.
Grinder is severely wounded.
You block Grinder's attack.
You slash Grinder!
Grinder is almost dead.
Grinder blinks!
Grinder gestures at you. You resist with significant effort.
Grinder gestures at you.
You suddenly lose the ability to move!
Grinder says, "DUCK!"
Grinder gestures at you. Pain shoots through your body!
* * * LOW HITPOINT WARNING * * *
Grinder gestures at you. Pain shoots through your body!
You die...

.####### ### #.#..
.#########.......#
..........>..#...#
.#...........#...#
.............#...###
...................#
............##..##.#
.#########..(..###.###.#
.............#..@....5.#
.#########...#.###.#####
.# #.#.#.# #.# .#
#.....# #.#
.###########.### #.#
.........# #.. ..#
.........# #### ###
..†......# .........#


You could see Grinder.

Vanquished Creatures
  Sigmund (D:3)
  4 adders
  A worm (D:3)
  An orc (D:2)
  2 giant cockroaches (D:3)
  7 goblins
  4 hobgoblins
  11 jackals
  6 kobolds
  A quokka (D:2)
  2 ball pythons (D:3)
  6 bats
  A frilled lizard (D:1)
  10 rats
57 creatures vanquished.

Notes
Turn   | Place    | Note
-------+----------+-------------------------------------------
     0 | D:1      | Mrkan the Minotaur Fighter began the quest for the Orb.
     0 | D:1      | Reached XP level 1. HP: 19/19 MP: 0/0
   233 | D:1      | Reached XP level 2. HP: 27/27 MP: 1/1
   848 | D:2      | Reached XP level 3. HP: 33/33 MP: 2/2
  1652 | D:3      | Reached XP level 4. HP: 41/41 MP: 3/3
  1847 | D:3      | Noticed Sigmund
  1860 | D:3      | Killed Sigmund
  1860 | D:3      | Reached skill level 5 in Shields
  1860 | D:3      | Reached XP level 5. HP: 38/47 MP: 4/4
  2011 | D:3      | Reached skill level 5 in Long Blades
  2074 | D:3      | Noticed Grinder
  2103 | D:3      | Paralysed by Grinder for 7 turns
  2106 | D:3      | Killed from afar by Grinder

Skill      XL: |  1  2  3  4  5 |
---------------+----------------+-----
Shields        | 4 5 |  5.1
Fighting       | 4 |  4.7
Long Blades    | 3 4 5 |  5.0
Armour         | 4 |  4.7

Action                   |  1- 3 |  4- 6 || total
-------------------------+-------+-------++-------
Melee: Long sword        |   108 |    56 ||   164
       Headbutt          |    13 |     8 ||    21
  Use: Potion            |       |     1 ||     1
  Eat: Chunk             |     3 |     1 ||     4
Armor: Scale mail        |    56 |    16 ||    72
Dodge: Dodged            |    33 |    18 ||    51
Block: Shield            |    68 |    32 ||   100
       Rpst.: Long sword |    10 |     6 ||    16
